 Dungeon Crawl Stone Soup version 0.29-a0-392-g297d3b089c (webtiles) character file.

Game seed: 1081155327248409866

3083 bwicke the Changer (level 9, -2/93 HPs)
             Began as a Demigod Transmuter on May 8, 2022.
             Slain by Duvessa
             ... wielding a +7 short sword of speed
              (18 damage)
             ... on level 7 of the Dungeon.
             The game lasted 00:34:05 (8263 turns).

bwicke the Changer (Demigod Transmuter)             Turns: 8263, Time: 00:34:06

Health: -2/93      AC:  8    Str: 15    XL:     9   Next: 33%
Magic:  10/14      EV: 10    Int: 23    God:
Gold:   217        SH:  0    Dex: 14    Spells: 3/11 levels left

rFire   x . .      SeeInvis .     - Unarmed
rCold   + + +      Faith    .   (shield currently unavailable)
rNeg    . . .      Spirit   .   (body armour currently unavailable)
rPois   +          Reflect  .   (helmet currently unavailable)
rElec   .          Harm     .   (cloak currently unavailable)
rCorr   .          Rampage  .   (gloves currently unavailable)
Will    .....                   (boots currently unavailable)
Stlth   +.........              (no amulet)
HPRegen 0.25/turn               h - ring of poison resistance
MPRegen 0.14/turn               (no ring)

@: ice-form
A: freezing attack, amphibious, boosted hp, large, high MP 1, forlorn, divine
attributes
a: End Transformation


You were on level 7 of the Dungeon.
You were a creature of crystalline ice.
You visited 1 branch of the dungeon, and saw 7 of its levels.

You collected 217 gold pieces.

Inventory:

Hand Weapons
 a - a +3 hunting sling (melded)
 o - a +0 spear
 p - a +0 dagger
 q - a +0 falchion
 u - a +0 flail
 x - a +3 trident
Missiles
 g - 153 stones
 r - 2 atropa-tipped darts
Armour
 c - a +0 robe (melded)
 e - a +0 leather armour
 l - a +0 ring mail of fire resistance
 s - a +0 pair of gloves (melded)
 C - a scarf of resistance
 E - the +2 ratskin cloak (melded) {*Rats rPois rN+ Str-1 Int-1 Dex+1}
   (You found it on level 6 of the Dungeon)

   When the wearer is hurt, rats may emerge from it to assist them.
   Str:       It affects your strength (-1).
   Int:       It affects your intelligence (-1).
   Dex:       It affects your dexterity (+1).
   rPois:     It protects you from poison.
   rN:        It protects you from negative energy.
Magical Staves
 k - a staff of fire
 B - a staff of earth
Jewellery
 h - a ring of poison resistance (left front paw)
Wands
 w - a wand of iceblast (10)
Scrolls
 i - 3 scrolls of teleportation
 t - a scroll of vulnerability
 y - a scroll of torment
Potions
 b - 2 potions of lignification
 d - 3 potions of attraction
 f - 2 potions of haste {unknown}
 j - 2 potions of flight
 m - 3 potions of curing
 n - a potion of magic {unknown}
 v - 4 potions of ambrosia
 z - 3 potions of might {unknown}
 A - 3 potions of brilliance


   Skills:
 + Level 6.6 Fighting
 - Level 1.8 Dodging
 - Level 6.3 Unarmed Combat
 - Level 1.8 Spellcasting
 - Level 7.0 Transmutations
 - Level 4.0 Ice Magic
 - Level 3.0 Poison Magic


You had 3 spell levels left.
You knew the following spells:

 Your Spells              Type           Power      Damage    Failure   Level
a - Beastly Appendage     Tmut           68%        N/A       1%          1
b - Spider Form           Tmut/Pois      25%        N/A       4%          3
c - Ice Form              Ice/Tmut       27%        N/A       14%         4

Your spell library contained the following spells:

 Spells                   Type           Power      Damage    Failure   Level
 Wereblood                Tmut           34%        N/A       1%          2


Dungeon Overview and Level Annotations

Branches:
Dungeon (7/15)             Temple (0/1) D:4

Shops:
D:2 =

Annotations:
D:7 Duvessa


Innate Abilities, Weirdness & Mutations

You are a creature of crystalline ice.
You have a powerful freezing melee attack.
You are amphibious.
Your maximum health is increased.
Your armour is entirely melded.
You are incapable of wielding weapons or throwing items.
You have an increased reservoir of magic. (+10% MP)
You shall have no god before yourself.
Your divine heritage dramatically boosts your attributes as you level up.


Message History

You kill Dowan!
Duvessa weeps, and shakes her weapon.
Duvessa goes berserk!
The iceblast engulfs Duvessa!
Duvessa is lightly wounded.
You hear a shout!
Casting: Spider Form (dangerous; 5% risk of failure)
Confirm with . or Enter, or press ? or * to list all spells.
Okay, then.
Unknown command.
A lemure comes into view.
Casting: Spider Form (dangerous; 5% risk of failure)
Confirm with . or Enter, or press ? or * to list all spells.
You turn into a creature of crystalline ice.
Your +3 hunting sling melds into your body.
The +2 ratskin cloak {*Rats rPois rN+ Str-1 Int-1 Dex+1} melds into your body.
Your +0 pair of gloves melds into your body.
Your +0 robe melds into your body.
Duvessa hits you with a +7 short sword of speed!
You punch Duvessa! You freeze Duvessa.
Duvessa is heavily wounded.
Duvessa hits you with a +7 short sword of speed! x2
You hit Duvessa. You freeze Duvessa.
Duvessa is heavily wounded.
Duvessa hits you with a +7 short sword of speed!
Duvessa hits you with a +7 short sword of speed.
You punch Duvessa! You freeze Duvessa.
Duvessa is severely wounded.
Duvessa hits you with a +7 short sword of speed!!
* * * LOW HITPOINT WARNING * * *
Duvessa hits you with a +7 short sword of speed!
* * * LOW HITPOINT WARNING * * *
Okay, then.
Okay, then.
Unknown command.
You feel better.
Duvessa hits you with a +7 short sword of speed.
* * * LOW HITPOINT WARNING * * *
A lemure comes into view.
Duvessa hits you with a +7 short sword of speed!!
You die...

. .###.### ##.# ..
......###..# ...
...#.....########
...##...............##
............#####...
#.........## ####
#..........##### #
#..............###
#Y................
#e...............#
...#5#####..........
.....................
......#####..........
)..<.)# #...[......
.......# #..........
...... 5# #.........#
...............#


You could see Duvessa (berserk) and 2 lemures.

Vanquished Creatures
  A boulder beetle (D:7)
  Grinder (D:6)
  Sigmund (D:5)
  Eustachio (D:6)
  Menkaure (D:5)
  An orc warrior (D:6)
  2 black bears (D:5)
  A phantom (D:6)
  2 bullfrogs
  2 scorpions
  2 necrophages (D:5)
  5 wights (D:6)
  Dowan (D:7)
  A hound (D:6)
  2 jellies
  5 orc priests
  4 iguanas
  2 orc wizards (D:6)
  5 hell rats (D:6)
  8 adders
  19 river rats (D:6)
  A white imp (D:6)
  An ufetubus (D:4)
  2 worms (D:3)
  3 dart slugs
  16 orcs
  2 ball pythons
  3 bats (D:3)
  3 endoplasms
  2 giant cockroaches (D:4)
  11 hobgoblins
  3 jackals
  6 quokkas
  A frilled lizard (D:2)
  11 goblins
  3 kobolds
  3 rats (D:2)
138 creatures vanquished.

Vanquished Creatures (collateral kills)
  An orc priest (D:6)
  An orc (D:6)
2 creatures vanquished.

Vanquished Creatures (others)
  An orc (D:6)
1 creature vanquished.

Grand Total: 141 creatures vanquished

Notes
Turn   | Place    | Note
-------+----------+-------------------------------------------
     0 | D:1      | bwicke the Demigod Transmuter began the quest for the Orb.
     0 | D:1      | Reached XP level 1. HP: 15/15 MP: 5/5
   161 | D:1      | You fall into a shaft and drop 1 floor!
   169 | D:2      | Reached skill level 1 in Fighting
   175 | D:2      | Found Kollasm's One-of-a-Kind Rings.
   488 | D:2      | Reached skill level 2 in Transmutations
   613 | D:2      | Reached XP level 2. HP: 18/23 MP: 5/7
   810 | D:2      | HP: 1/23 [goblin/+0 club (2)]
   811 | D:2      | Reached skill level 3 in Transmutations
  1151 | D:2      | Reached XP level 3. HP: 28/28 MP: 8/8
  2302 | D:3      | Reached skill level 4 in Transmutations
  2302 | D:3      | Reached XP level 4. HP: 35/35 MP: 9/9
  2715 | D:3      | Reached skill level 1 in Poison Magic
  3050 | D:4      | Found a staircase to the Ecumenical Temple.
  3153 | D:4      | Reached XP level 5. HP: 40/40 MP: 10/10
  3157 | D:4      | Learned a level 3 spell: Spider Form
  4007 | D:5      | Entered Level 5 of the Dungeon
  4178 | D:5      | Noticed a black bear
  4196 | D:5      | Killed a black bear
  4292 | D:5      | Noticed a black bear
  4309 | D:5      | Killed a black bear
  4310 | D:5      | Reached XP level 6. HP: 29/47 MP: 2/11
  4811 | D:5      | Noticed Sigmund
  4827 | D:5      | Killed Sigmund
  4828 | D:5      | Reached skill level 5 in Unarmed Combat
  4828 | D:5      | Reached XP level 7. HP: 50/52 MP: 9/12
  4892 | D:5      | Noticed Menkaure
  4899 | D:5      | Killed Menkaure
  5034 | D:5      | Reached skill level 5 in Transmutations
  5743 | D:6      | Noticed Eustachio
  5790 | D:6      | Reached skill level 6 in Transmutations
  6024 | D:6      | Reached XP level 8. HP: 57/58 MP: 13/13
  6030 | D:6      | Noticed Grinder
  6216 | D:6      | Killed Grinder
  6217 | D:6      | Reached skill level 7 in Transmutations
  6266 | D:6      | Killed Eustachio
  6449 | D:6      | Learned a level 4 spell: Ice Form
  7726 | D:6      | Reached XP level 9. HP: 49/70 MP: 14/14
  7766 | D:6      | Found the +2 ratskin cloak {*Rats rPois rN+ Str-1 Int-1
                  | Dex+1}
  7972 | D:7      | Noticed a boulder beetle
  8001 | D:7      | Killed a boulder beetle
  8254 | D:7      | Noticed Dowan
  8254 | D:7      | Noticed Duvessa
  8256 | D:7      | Killed Dowan
  8263 | D:7      | Slain by Duvessa

Illustrated notes

Levels and vault maps discovered:
D:1:      lemuel_arrival_muddy, layout_basic
D:2:      layout_basic, nicolae_shop_unique_rings
D:3:      layout_basic, st_stairs_12
D:4:      layout_basic, nicolae_tso_swordbearing_angel,
          minmay_temple_entry_mini_moons
D:5:      layout_cave_pods, uniq_menkaure, uniq_sigmund
D:6:      wander_guarded_unrand_ratskin, layout_basic, uniq_eustachio,
          uniq_grinder
D:7:      layout_rooms, uniq_duvessa, uniq_joseph, uniq_pikel

Skill      XL: |  1  2  3  4  5  6  7  8  9 |
---------------+----------------------------+-----
Fighting       | 1 4 6 |  6.6
Transmutations | 2 3 4 6 7 |  7.0
Poison Magic   | 2 3 |  3.0
Unarmed Combat | 3 5 6 |  6.3
Ice Magic      | 4 |  4.0
Dodging        | |  1.8
Spellcasting   | |  1.8

Action                   |  1- 3 |  4- 6 |  7- 9 || total
-------------------------+-------+-------+-------++-------
Melee: Unarmed           |    60 |    53 |   215 ||   328
       Kick              |    13 |     7 |       ||    20
       Headbutt          |     6 |       |       ||     6
       Punch             |       |       |     1 ||     1
 Fire: Hunting sling     |    69 |   102 |    35 ||   206
Throw: Dart              |       |       |     2 ||     2
 Cast: Beastly Appendage |    13 |     2 |     1 ||    16
       Spider Form       |       |     7 |    14 ||    21
       Ice Form          |       |       |     8 ||     8
Evoke: Wand              |       |       |    17 ||    17
  Use: Scroll            |     4 |     2 |     6 ||    12
       Potion            |       |       |     2 ||     2
 Stab: Sleeping          |       |       |     1 ||     1
Armor: Robe              |    13 |    22 |     3 ||    38
       Skin              |       |     3 |    24 ||    27
Dodge: Dodged            |    55 |   101 |   155 ||   311

Table legend: (Time is in decaauts)
 A = Elapsed time spent in this place.
 B = Non-inter-level travel time spent in this place.
 C = Inter-level travel time spent in this place.
 D = Time resting spent in this place.
 E = Time spent auto-exploring this place.
 F = Levels seen in this place.
 G = Mean time per level.
                   A        B        C        D        E       F      G
               +--------+--------+--------+--------+--------+-----+--------+
         Total |   8328 |   8249 |     79 |   2218 |   4039 |   7 | 1189.7 |
       Dungeon |   8328 |   8249 |     79 |   2218 |   4039 |   7 | 1189.7 |
               +--------+--------+--------+--------+--------+-----+--------+

Top non-repeatable levels by time:
     D:6: 2414 daAuts
     D:5: 1708 daAuts
     D:2: 1458 daAuts
     D:3: 1415 daAuts
     D:4: 1037 daAuts
     D:1: 161 daAuts
     D:7: 133 daAuts
